 Dungeon Crawl Stone Soup version 0.31-a0-344-gd109795599 (webtiles) character file.

Game seed: 9641407592708608701

166675 RepHenryClay the Destroyer (level 16, -7/119 HPs)
             Began as a Demigod Conjurer on July 22, 2023.
             Succumbed to a redback's poison
             ... on level 4 of the Spider Nest.
             The game lasted 01:45:52 (41596 turns).

RepHenryClay the Destroyer (Demigod Conjurer)      Turns: 41596, Time: 01:45:52

Health: -7/119     AC: 13    Str: 14    XL:     16   Next: 75%
Magic:  11/36      EV: 27    Int: 32    God:
Gold:   643        SH:  0    Dex: 20    Spells: 13/37 levels left

rFire   + + +        a - staff of Reinforcement {+Blink Conj}
rCold   + + .        P - +0 buckler
rNeg    . . .        U - +2 robe {rC+ rF+}
rPois   .            L - +2 helmet
rElec   .            Y - scarf {rC+ rF+}
rCorr   .            m - +2 pair of gloves of the Harp {Will+ Stlth+}
SInv    +            R - +2 pair of boots {rF+}
Will    ++...        G - amulet of magic regeneration
Stlth   ++           q - ring of see invisible
HPRegen 0.39/turn    k - ring "Tyuwatz" {EV+5 Str+6}
MPRegen 0.65/turn

%: no passive effects
@: confused, lethally poisoned (-7 -> -74)
A: high MP 1, forlorn, divine attributes
a: Evoke Blink


You were on level 4 of the Spider Nest.
You visited 4 branches of the dungeon, and saw 26 of its levels.
You visited 1 bazaar.
You also visited: Ice Cave.

You collected 3015 gold pieces.
You spent 2372 gold pieces at shops.

Inventory:

Hand Weapons
 b - a +2 demon whip of freezing
 u - the +0 spear of the Unspeakable One {heavy, *Noise rElec SInv Stlth+}
   (You found it on level 2 of the Lair of Beasts)

   rElec:     It insulates you from electricity.
   SInv:      It lets you see invisible.
   *Noise:    It may make noises in combat.
   Stlth:     It makes you more stealthy.
Armour
 m - the +2 pair of gloves of the Harp (worn) {Will+ Stlth+}
   (You bought it in a shop in a bazaar)

   Will:      It increases your willpower.
   Stlth:     It makes you more stealthy.
 L - a +2 helmet (worn)
 O - a +2 robe of willpower
 P - a +0 buckler (worn)
 R - a +2 pair of boots of fire resistance (worn)
 U - a +2 robe of resistance (worn)
 Y - a scarf of resistance (worn)
 Z - the +1 leather armour of Youthful Indiscretion {rElec rN+}
   (You bought it in a shop on level 8 of the Dungeon)

   rElec:     It insulates you from electricity.
   rN:        It protects you from negative energy.
Magical Staves
 a - the staff of Reinforcement (weapon) {+Blink Conj}
   (You found it in an ice cave)

   [staff of conjuration]

   Base accuracy: +5 Base damage: 5 Base attack delay: 1.2 This weapon's minimum
   attack delay (0.6) is reached at skill level 12.
   +Blink:    It lets you blink.
   Conj:      It increases the power of your Conjurations spells.
   It falls into the 'Staves' category.
   It is a one-handed weapon.
 E - a staff of death
 V - the staff "Olalyvug" {rPois rN++ Str+3 Int+2 Dex-5 Poison}
   (You found it on level 10 of the Dungeon)

   [staff of poison]

   Base accuracy: +5 Base damage: 5 Base attack delay: 1.2 This weapon's minimum
   attack delay (0.6) is reached at skill level 12.
   Str:       It affects your strength (+3).
   Int:       It affects your intelligence (+2).
   Dex:       It affects your dexterity (-5).
   rPois:     It protects you from poison.
   rN:        It greatly protects you from negative energy.
   Poison:    It increases the power of your Poison spells.
   It falls into the 'Staves' category.
   It is a one-handed weapon.
 X - a staff of poison
Jewellery
 e - a +5 ring of evasion
 k - the ring "Tyuwatz" (right hand) {EV+5 Str+6}
   (You found it on level 2 of the Lair of Beasts)

   [ring of evasion]

   EV:        It affects your evasion (+5).
   Str:       It affects your strength (+6).
 n - a ring of resist corrosion
 q - a ring of see invisible (left hand)
 G - an amulet of magic regeneration (around neck)
 I - an amulet of regeneration
 M - a ring of protection from fire
Wands
 x - a wand of iceblast (26)
 C - a wand of charming (13)
 H - a wand of acid (8)
 J - a wand of mindburst (32)
 Q - a wand of digging (8)
Scrolls
 d - a scroll of blinking
 f - 11 scrolls of identify {@r1}
 g - a scroll of amnesia
 i - 6 scrolls of immolation
 j - a scroll of enchant armour
 r - a scroll of fear
 s - 2 scrolls of butterflies
 y - a scroll of fog
 A - 8 scrolls of teleportation
 B - 4 scrolls of enchant weapon
 S - 4 scrolls of revelation
Potions
 c - 7 potions of curing {!*}
 h - 2 potions of brilliance
 l - 3 potions of ambrosia
 o - 4 potions of attraction
 t - 4 potions of might
 v - 2 potions of cancellation
 w - 5 potions of enlightenment
 z - a potion of invisibility
 D - 3 potions of haste
 F - 4 potions of lignification
 N - a potion of resistance
 T - 6 potions of heal wounds
 W - 2 potions of magic
Miscellaneous
 p - a lightning rod (4/4)
 K - a condenser vane


   Skills:
 - Level 5.0 Fighting
 - Level 6.6 Staves
 + Level 14.2 Dodging
 - Level 5.0 Stealth
 - Level 6.0 Shields
 - Level 11.3 Spellcasting
 + Level 14.7 Conjurations
 - Level 7.7 Translocations
 - Level 11.0 Earth Magic
 - Level 6.6 Evocations


You had 13 spell levels left.
You knew the following spells:

 Your Spells              Type           Power      Damage    Failure   Level
a - Stone Arrow           Conj/Erth      100%       3d13      1%          3
b - Searing Ray           Conj           100%       2d8       0%          2
c - Iskenderun's Mystic   Conj/Tloc      94%        2d18      1%          4
d - Magic Dart            Conj           100%       1d8       0%          1
e - Orb of Destruction    Conj           53%        9d13      7%          7
f - Lee's Rapid Deconstr  Erth           36%        3d18*     1%          5
Q - Blink                 Tloc           100%       N/A       1%          2

Your spell library contained the following spells:

 Spells                   Type           Power      Damage    Failure   Level
 Apportation              Tloc           100%       N/A       1%          1
 Foxfire                  Conj/Fire      100%       2x1d9     1%          1
 Sandblast                Erth           100%       2d20      1%          1
 Lesser Beckoning         Tloc           100%       N/A       1%          2
 Momentum Strike          Conj/Tloc      100%       3d10      1%          2
 Passwall                 Tmut/Erth      43%        N/A       1%          2
 Static Discharge         Conj/Air       100%       2-7/arc   1%          2
 Dazzling Flash           Conj/Hex       100%       N/A       1%          3
 Hailstorm                Conj/Ice       78%        3d16      1%          3
 Portal Projectile        Hex/Tloc       84%        N/A       1%          3
 Vhi's Electric Charge    Tloc/Air       84%        N/A       1%          3
 Fulminant Prism          Conj/Hex       39%        3d17      1%          4
 Necrotise                Necr           72%        1d7       3%          1
 Summon Small Mammal      Summ           72%        N/A       3%          1
 Animate Armour           Summ/Erth      100%       N/A       3%          4
 Leda's Liquefaction      Hex/Erth       26%        N/A       3%          4
 Arcjolt                  Conj/Air       39%        1d49      4%          5
 Call Canine Familiar     Summ           18%        N/A       10%         3
 Inner Flame              Hex/Fire       18%        N/A       10%         3
 Summon Guardian Golem    Hex/Summ       18%        N/A       10%         3
 Freezing Cloud           Conj/Ice/Air   32%        6-21      12%         5
 Summon Forest            Summ/Tloc      21%        N/A       19%         5
 Starburst                Conj/Fire      39%        6d11      26%         6
 Anguish                  Hex/Necr       9%         N/A       32%         4
 Cause Fear               Hex            9%         N/A       32%         4
 Summon Ice Beast         Ice/Summ       18%        N/A       32%         4
 Summon Lightning Spire   Summ/Air       18%        N/A       32%         4
 Alistair's Intoxication  Tmut/Pois      12%        N/A       67%         5
 Summon Mana Viper        Hex/Summ       18%        N/A       67%         5
 Plasma Beam              Fire/Air       9%         2x1d19    99%         6
 Simulacrum               Ice/Necr       9%         N/A       99%         6
 Summon Cactus Giant      Summ           9%         N/A       99%         6
 Ozocubu's Refrigeration  Ice            9%         4d9       100%        7
 Polar Vortex             Ice            9%         12d1*     100%        9


Dungeon Overview and Level Annotations

Branches:
Dungeon (15/15)            Temple (0/1) D:4            Lair (5/5) D:9
  Swamp (0/4) Lair:2       Spider (4/4) Lair:3        Slime (0/5) Lair:4
    Orc (2/2) D:10            Elf (0/3) Orc:2        Vaults (0/5) D:14
 Depths (0/4) D:15          IceCv (visited)

Shops:
D:8 [!*   D:10 [[?:   D:14 :   Orc:1 (   Orc:2 *!=[

Portals:
Pandemonium: Orc:2
Trove: D:10 (give 18 potions of curing)

Annotations:
D:11 unfinished
Lair:3 2 transporters, benadryl's ghost, journeyman TrSh


Innate Abilities, Weirdness & Mutations

You have an increased reservoir of magic. (+10% MP)
You shall have no god before yourself.
Your divine heritage dramatically boosts your attributes as you level up.


Message History

The wolf spider completely misses you. The wolf spider misses you.
The tarantella barely misses you. The redback bites you!
You are poisoned.
The redback poisons you! The wolf spider hits you. The wolf spider misses you.
Damage: -10%(-12hp) hp: 55%(65hp)
You hit the wolf spider.
You blast the wolf spider.
The wolf spider is severely wounded.
You feel extremely sick. The tarantella touches you!
* * * LOW HITPOINT WARNING * * *
You are more confused.
The redback misses you. The wolf spider closely misses you.
The wolf spider barely misses you. The tarantella completely misses you.
Huge Dmg: -18%(-21hp) hp: 37%(44hp)
Okay, then.
You hit the tarantella but do no damage.
You blast the tarantella!!
You kill the tarantella!
* * * LOW HITPOINT WARNING * * *
You feel extremely sick. The redback completely misses you.
The wolf spider closely misses you. The wolf spider misses you.
The redback barely misses you.
Damage: -6%(-8hp) hp: 31%(36hp) Unknown command.
You barely miss the wolf spider.
The wolf spider is severely wounded.
* * * LOW HITPOINT WARNING * * *
You feel extremely sick.
The wolf spider misses you. x2; The redback bites you!
* * * LOW HITPOINT WARNING * * *
You are more poisoned.
The redback poisons you! The wolf spider completely misses you.
The wolf spider bites you.
* * * LOW HITPOINT WARNING * * *
Huge Dmg: -14%(-16hp) hp: 17%(20hp)
The wolf spider attacks as you move away!
The wolf spider hits you!
* * * LOW HITPOINT WARNING * * *
The wolf spider completely misses you.
You die...

#~~......##~...~## #~..~...^##
###.~.~.####...## ##~.^.~~##
###~### #'''# ##..~### # ###
####'''#### ##### #
####...^....^####
######...............############
...............s................##
.........#.....s.................##
...............†.@.........^...<...
...^#............#^#......#####....
......................^...^.^.....#
......#......................).....
...................^...............
.............#..^...[#......#^.....
...........^##..........#......##..
^^....#..#.##^..................##.
##.......#####................^....


You could see a wolf spider and a redback.

Vanquished Creatures
  3 ghost moths (Spider:4)
  5 emperor scorpions
  2 broodmothers
  Nessos (D:13)
  A fire dragon (D:10)
  An entropy weaver (Spider:1)
  A yaktaur captain (D:14)
  A rakshasa (D:15)
  5 radroaches
  2 ironbound frosthearts (IceCv)
  3 jorogumos
  A demonspawn (Orc:2)
  14 hydras
  3 two-headed ogres (D:12)
  4 boulder beetles
  4 centaur warriors
  2 tengu warriors (D:13)
  16 death yaks
  6 demonic crawlers
  5 orc high priests
  A skyshark (Lair:4)
  Sonja (Orc:2)
  4 pharaoh ants
  Amaemon (Lair:1)
  11 skeletal warriors
  A sun moth (Spider:3)
  A flayed ghost (D:15)
  8 orb spiders
  4 steelbarb worms
  A wizard (D:15)
  6 orc knights
  A necromancer (D:15)
  2 lindwurms (Lair:2)
  The ghost of HotCheetoh the Cleaver, a novice HOFi of Wu Jian (D:5)
  A deep elf pyromancer (D:15)
  The ghost of ForestMusic the Thaumaturge, a novice DECj of Vehumet (D:9)
  12 orc sorcerers
  6 ugly things
  2 cyclopes (D:15)
  17 wolf spiders
  3 moths of wrath
  4 manticores
  6 elephants
  An ice statue (IceCv)
  4 black mambas
  A torpor snail (Lair:3)
  3 orange demons
  2 unseen horrors
  3 gargoyles
  A rime drake (Lair:3)
  9 cane toads
  A centaur skeleton (D:15)
  3 ice devils
  10 komodo dragons
  A yaktaur (shapeshifter) (D:13)
  3 tengu conjurers (D:13)
  11 trolls
  4 yaktaurs
  7 meliai
  19 polar bears
  14 hornets
  A hornet (shapeshifter) (D:14)
  22 tarantellas
  A blink frog (Lair:3)
  4 dream sheep
  Sigmund (D:2)
  11 spriggans (Lair:5)
  16 jumping spiders
  18 culicivoras
  10 slime creatures (D:14)
  79 yaks
  2 shadows (D:12)
  5 wyverns
  6 basilisks
  3 steam dragons
  A wraith (D:11)
  4 vampire mosquitoes
  39 redbacks
  2 swamp worms (Lair:2)
  4 wargs
  Duvessa (D:7)
  An acid dragon (D:9)
  20 water moccasins
  27 orc warriors
  7 black bears
  An ice beast (D:5)
  2 sky beasts
  5 boggarts (Lair:5)
  8 ogres
  56 wolves
  18 centaurs
  3 kobold brigands
  A phantom (D:5)
  18 bullfrogs
  2 gnoll sergeants
  2 necrophages (D:7)
  3 scorpions
  17 wights
  Dowan (D:7)
  26 killer bees
  A howler monkey (D:7)
  10 jellies
  2 centaur zombies
  3 hounds
  A human zombie (D:7)
  22 orc priests
  A sleepcap (D:5)
  A boggart zombie (D:15)
  3 iguanas
  15 orc wizards
  Natasha (thrice) (D:2)
  A killer bee zombie (D:7)
  3 mummies (D:7)
  12 gnolls
  7 adders
  3 shadow imps
  2 white imps
  5 dart slugs
  59 orcs
  10 endoplasms
  10 giant cockroaches
  10 goblins
  10 hobgoblins
  8 jackals
  2 quokkas
  10 ball pythons
  8 bats
  A frilled lizard (D:2)
  26 kobolds
  4 rats
  A fire vortex (Lair:5)
974 creatures vanquished.

Vanquished Creatures (others)
  A wizard (D:6)
1 creature vanquished.

Grand Total: 975 creatures vanquished

Notes
Turn   | Place    | Note
-------+----------+-------------------------------------------
     0 | D:1      | RepHenryClay the Demigod Conjurer began the quest for the
                  | Orb.
     0 | D:1      | Reached XP level 1. HP: 14/14 MP: 5/5
   212 | D:1      | Reached XP level 2. HP: 20/20 MP: 1/7
   949 | D:1      | Reached XP level 3. HP: 26/26 MP: 6/8
  1572 | D:2      | Found the +2 Maxwell's thermic engine {flame, freeze, rev}
  1723 | D:2      | Identified the +1 robe of Demons {rF+++}
  1761 | D:1      | Learned a level 2 spell: Searing Ray
  1801 | D:2      | Noticed Natasha
  1805 | D:2      | Killed Natasha
  1806 | D:2      | Reached skill level 5 in Conjurations
  1806 | D:2      | Reached XP level 4. HP: 33/33 MP: 4/9
  1859 | D:2      | Noticed Sigmund
  1915 | D:3      | Found a transporter.
  1919 | D:3      | Found a transporter.
  2160 | D:3      | Noticed a black bear
  2171 | D:3      | Killed a black bear
  2172 | D:3      | Reached XP level 5. HP: 28/38 MP: 0/10
  3019 | D:4      | Noticed an ogre
  3029 | D:4      | Killed an ogre
  3030 | D:4      | Reached XP level 6. HP: 45/45 MP: 4/11
  3156 | D:4      | Found a staircase to the Ecumenical Temple.
  4296 | D:5      | Entered Level 5 of the Dungeon
  4380 | D:5      | Found a runed translucent gate.
  4381 | D:5      | Found a runed translucent gate.
  4383 | D:5      | Found a runed translucent gate.
  4384 | D:5      | Noticed HotCheetoh's ghost (novice HOFi)
  4442 | D:5      | Identified the +7 chain mail of Skepticism {rPois rF- rN+}
  4513 | D:5      | Reached XP level 7. HP: 27/50 MP: 2/12
  5124 | D:6      | Identified the +0 spear of the Hall of Blades {venom,
                  | Dex+4}
  5406 | D:6      | Identified the +5 ring mail of Gety Uptu {Regen+ Str-5
                  | Int+5}
  5870 | D:6      | Noticed a wizard
  5875 | D:6      | Killed a wizard
  6051 | D:6      | Reached XP level 8. HP: 26/57 MP: 13/13
  6234 | D:7      | Noticed Dowan
  6236 | D:7      | Noticed Duvessa
  6275 | D:6      | Learned a level 4 spell: Iskenderun's Mystic Blast
  6294 | D:7      | Killed Duvessa
  6295 | D:7      | Reached skill level 10 in Conjurations
  6594 | D:7      | Reached skill level 1 in Translocations
  6934 | D:7      | Reached XP level 9. HP: 44/62 MP: 10/14
  6935 | D:7      | Reached skill level 5 in Translocations
  7759 | D:7      | Killed Dowan
  8224 | D:7      | Learned a level 3 spell: Stone Arrow
  8262 | D:7      | Reached skill level 1 in Earth Magic
  8315 | D:8      | Found Hezi's Fire Supplies.
  8389 | D:8      | Bought a +1 pair of boots of fire resistance for 181 gold
                  | pieces
  8574 | D:8      | Noticed a skeletal warrior
  8812 | D:8      | Killed a skeletal warrior
  8813 | D:8      | Reached skill level 5 in Dodging
  8813 | D:8      | Reached XP level 10. HP: 62/69 MP: 6/15
  8892 | D:8      | Noticed a skeletal warrior
  8892 | D:8      | Noticed a skeletal warrior
  9022 | D:7      | Killed a skeletal warrior
  9534 | D:8      | Found Seteo's Antique Armour Shop.
  9827 | D:8      | Found Ymnou's Distillery.
  9835 | D:8      | Bought a potion of curing for 39 gold pieces
  9835 | D:8      | Bought 2 potions of degeneration for 26 gold pieces
 10107 | D:9      | Reached skill level 5 in Earth Magic
 10241 | D:9      | Found a runed translucent door.
 10254 | D:9      | Noticed ForestMusic's ghost (novice DECj)
 10457 | D:9      | Noticed an elephant
 10511 | D:9      | Killed an elephant
 10659 | D:9      | Found a staircase to the Lair.
 10930 | D:10     | Entered Level 10 of the Dungeon
 10936 | D:10     | Found a staircase to the Orcish Mines.
 10987 | D:10     | Found Suquujyoney's Armour Emporium.
 11066 | D:10     | Found Tigae's Antique Armour Shop.
 11071 | D:10     | Bought a faintly humming robe for 188 gold pieces
 11071 | D:10     | Identified the +2 robe of Shielding {Str+3} (You bought it
                  | in a shop on level 10 of the Dungeon)
 11083 | D:10     | Identified the staff "Olalyvug" {rPois rN++ Str+3 Int+2
                  | Dex-5 Poison}
 11247 | D:10     | Noticed a fire dragon
 11280 | Lair:1   | Entered Level 1 of the Lair of Beasts
 11287 | Lair:1   | Reached XP level 11. HP: 74/74 MP: 3/17
 11550 | Lair:1   | Noticed Amaemon
 11566 | Lair:1   | Killed Amaemon
 12620 | Lair:2   | Noticed a six-headed hydra
 12651 | Lair:2   | Noticed a death yak
 12651 | Lair:2   | Noticed a death yak
 12651 | Lair:2   | Noticed a death yak
 12651 | Lair:2   | Noticed a death yak
 12651 | Lair:2   | Noticed a death yak
 12652 | Lair:2   | Noticed a death yak
 12998 | Lair:2   | Killed a six-headed hydra
 13067 | Lair:2   | Reached skill level 10 in Dodging
 13481 | Lair:2   | Identified the ring "Tyuwatz" {EV+5 Str+6}
 13769 | Lair:2   | Reached XP level 12. HP: 74/81 MP: 10/18
 14012 | Lair:2   | Reached skill level 10 in Earth Magic
 14142 | Lair:2   | Found a staircase to the Swamp.
 14565 | Lair:2   | Identified the +0 spear of the Unspeakable One {heavy,
                  | *Noise rElec SInv Stlth+}
 14595 | Lair:2   | Noticed a six-headed hydra
 14601 | Lair:2   | Killed a six-headed hydra
 14918 | Orc:1    | Entered Level 1 of the Orcish Mines
 14926 | Orc:1    | Paralysed by an orc sorcerer for 3 turns
 15150 | Orc:2    | Entered Level 2 of the Orcish Mines
 15539 | Orc:1    | Reached skill level 5 in Stealth
 15595 | Orc:1    | Found Ceysit's Weapon Boutique.
 16056 | Orc:2    | Noticed Sonja
 16068 | Orc:2    | Killed Sonja
 16438 | Orc:2    | Found a staircase to the Elven Halls.
 16735 | Orc:2    | Found Godaer's Distillery.
 16736 | Orc:2    | Found Urypuex's General Store.
 16984 | Orc:2    | Bought a potion of heal wounds for 80 gold pieces
 17248 | Orc:2    | Reached XP level 13. HP: 86/86 MP: 13/22
 17533 | Orc:2    | Reached skill level 5 in Spellcasting
 17983 | Orc:2    | Reached skill level 1 in Fighting
 18169 | Orc:2    | Found Meenlaa's Jewellery Emporium.
 18169 | Orc:2    | Found Cacsepec's Antique Armour Shoppe.
 18422 | Orc:2    | Found a one-way gate leading to the halls of Pandemonium.
 18426 | Orc:2    | Bought a jewelled leather armour for 210 gold pieces
 18426 | Orc:2    | Identified the +5 leather armour "Danigung" {Int+3} (You
                  | bought it in a shop on level 2 of the Orcish Mines)
 18426 | Orc:2    | Bought a runed scarf for 240 gold pieces
 18574 | D:8      | Bought a faintly glowing leather armour for 245 gold pieces
 18574 | D:8      | Identified the +1 leather armour of Youthful Indiscretion
                  | {rElec rN+} (You bought it in a shop on level 8 of the
                  | Dungeon)
 18674 | D:10     | Found Ypniamuqa's Book Emporium.
 18731 | D:10     | Found a portal to a secret trove of treasure.
 18842 | D:10     | Found Houngor's Magic Scroll Shoppe.
 18925 | D:10     | Bought a scroll of brand weapon for 142 gold pieces
 18925 | D:10     | Bought a scroll of identify for 30 gold pieces
 19769 | D:11     | Got The Rites and Rhymes, Part Two
 19785 | D:11     | Reached skill level 1 in Shields
 20463 | D:12     | Found a flickering gateway to a bazaar.
 20472 | Bazaar   | Entered a bazaar
 20472 | Bazaar   | Found Ratton's General Store.
 20472 | Bazaar   | Found Uliekh's Antique Weapon Emporium.
 20494 | Bazaar   | Found Onuocech's Antique Armour Boutique.
 20502 | Bazaar   | Found Touhogeu's Book Boutique.
 20513 | Bazaar   | Found Xiesid's Distillery.
 20534 | Bazaar   | Bought a pair of masterwork gloves for 209 gold pieces
 20534 | Bazaar   | Identified the +2 pair of gloves of the Harp {Will+ Stlth+}
                  | (You bought it in a shop in a bazaar)
 21701 | D:13     | Reached skill level 5 in Shields
 22183 | D:13     | Noticed Nessos
 22192 | D:13     | Killed Nessos
 22949 | Lair:2   | Reached XP level 14. HP: 61/105 MP: 12/25
 22951 | Lair:2   | Reached skill level 5 in Fighting
 23128 | Lair:2   | Learned a level 2 spell: Blink
 23498 | Lair:3   | Found a transporter.
 23551 | Lair:3   | Found a hole to the Spider Nest.
 23799 | Lair:3   | Identified the +3 chain mail of Intuition {rPois Dex+3}
 24059 | Lair:3   | Noticed benadryl's ghost (journeyman TrSh)
 24071 | Lair:3   | Found a transporter.
 24526 | Lair:4   | Found a staircase to the Slime Pits.
 25378 | Lair:5   | Entered Level 5 of the Lair of Beasts
 25467 | Lair:5   | Found a frozen archway.
 25518 | IceCv    | Entered an ice cave
 25687 | IceCv    | Identified the staff of Reinforcement {+Blink Conj}
 26100 | IceCv    | Reached skill level 1 in Staves
 26100 | IceCv    | Reached skill level 1 in Evocations
 26545 | IceCv    | Got the Octavo of the Iceberg
 27545 | Lair:5   | Reached XP level 15. HP: 113/113 MP: 21/27
 27936 | Lair:5   | Reached skill level 5 in Staves
 28030 | Lair:5   | Reached skill level 5 in Evocations
 29008 | D:14     | Found Kinoneawk's Vocational Training.
 29223 | D:14     | Found a gate to the Vaults.
 30165 | D:15     | Entered Level 15 of the Dungeon
 30851 | D:10     | Bought the Essays on Charms and Bruises for 572 gold pieces
 30859 | D:10     | Learned a level 7 spell: Orb of Destruction
 30979 | D:14     | Learned a level 5 spell: Lee's Rapid Deconstruction
 31430 | D:15     | Found a staircase to the Depths.
 32283 | D:2      | Killed Sigmund
 32329 | D:2      | Noticed Natasha
 32330 | D:2      | Killed Natasha
 32403 | D:2      | Noticed Natasha
 32406 | D:2      | Killed Natasha
 32695 | D:5      | Killed HotCheetoh's ghost
 33134 | D:9      | Killed ForestMusic's ghost
 33884 | Spider:1 | Entered Level 1 of the Spider Nest
 35060 | Spider:1 | Reached XP level 16. HP: 119/119 MP: 15/30
 37179 | Spider:2 | Identified the +4 plate armour of Bitterness {Will+ Regen+
                  | Str-4}
 37188 | Spider:2 | Identified the +1 chain mail of the Five Friars {+Inv rF+}
 38472 | Spider:4 | Entered Level 4 of the Spider Nest
 38883 | Spider:3 | Reached skill level 10 in Spellcasting
 40289 | Orc:2    | Bought a ring of see invisible for 210 gold pieces
 41596 | Spider:4 | Succumbed to a redback's poison

Illustrated notes

Levels and vault maps discovered:
D:1:      lightli_arrival_windingriver, layout_basic, minmay_worlds_worst_comb
D:2:      layout_rooms, minmay_goblin_kobold_house, uniq_sigmund, uniq_natasha
D:3:      gammafunk_wand_slinger, layout_loops_corners,
          nicolae_dithmenos_shadow_blocks, yredelemnul_altar_generic,
          mainiacjoe_overflow_alcove_4
D:4:      minmay_opposing_rooms, layout_basic, minmay_temple_entry_sparse_star,
          minmay_statues_item, chequers_serial_rivers_room_b
D:5:      layout_basic, gammafunk_ghost_split, nrook_loot_triangle,
          kennysheep_minor_cross
D:6:      nicolae_cairo_tiling_large, layout_loops_ring, trog_wizard
D:7:      layout_layer_cave, lemuel_mausoleum_altar_kikubaaqudgha,
          minmay_fractal_squares_diagonal_5, uniq_duvessa
D:8:      layout_cave_pods, serial_shops, nicolae_inconvenience_store,
          nicolae_shop_tiny_statue_garden, nicolae_shop_fire_sale
          [nicolae_sub_dead_trees]
D:9:      layout_rooms, david_lair_generic, ebering_ghost_reflecting_pool,
          nicolae_kite_square_tiling_tiny
D:10:     layout_roguey, general_overflow_altar, gammafunk_temple_overflow_claw,
          fedhas_ov_isle_minmay, nicolae_trove_entry_crossroad, serial_shops,
          nicolae_shop_window_shopping, shop, shop,
          nicolae_shop_getting_attention
D:11:     layout_basic, serial_corexii_hall, chequers_hall_statues_y,
          chequers_hall_statues_corner_a, corexii_hall_statues_l, centaur_isle
D:12:     layout_loops_corners, serial_shops, bzr_entry_islet
D:13:     layout_irregular_city, uniq_nessos
D:14:     layout_basic, david_vaults_2, grunt_decor_junction,
          nicolae_shop_vocational
D:15:     grunt_enter_depths_magical_seal, layout_loops_ring, glass_columns_b,
          minmay_checkerbox
Lair:1:   layout_roguey, uniq_amaemon
Lair:2:   cheibrodos_lair_overgrown_chateau, layout_regular_city,
          minmay_swamp_entry_worms, grunt_megastairs_4
Lair:3:   layout_gridlike, hellmonk_spider_entry_not_the_bees,
          gammafunk_ghost_wrathful_warriors, nzn_random_ring
Lair:4:   layout_hall_layers, nicolae_slime_entry_field_trip,
          serial_bayou_shore_a
Lair:5:   minmay_lair_end_enchanted_forest, layout_gridlike,
          portal_ice_cave_demonic_guard, grunt_megastairs_5, lemuel_fruit_tree
Spider:1: layout_spider_delve
Spider:2: layout_chambers, nicolae_spider_webbed_stairs,
          hangedman_spider_tarantella_strand, nicolae_spider_cling_halls
Spider:3: layout_spider_delve
Spider:4: spider_rune_water
Orc:1:    layout_caves, basic_altar, serial_shops, shop
Orc:2:    pf_orc_diabolical, layout_caves, uniq_sonja

Skill      XL: |  1  2  3  4  5  6  7  8  9 10 11 12 13 14 15 16 |
---------------+-------------------------------------------------+-----
Dodging        | 2 3 5 7 10 12 14 | 14.2
Conjurations   | 4 5 6 8 9 10 11 12 14 | 14.7
Translocations | 4 7 |  7.7
Earth Magic    | 3 6 9 11 | 11.0
Stealth        | 5 |  5.0
Spellcasting   | 3 5 6 11 | 11.3
Fighting       | 4 5 |  5.0
Shields        | 6 |  6.0
Staves         | 4 6 |  6.6
Evocations     | 4 6 |  6.6

Action                     |  1- 3 |  4- 6 |  7- 9 | 10-12 | 13-15 | 16-18 || total
---------------------------+-------+-------+-------+-------+-------+-------++-------
  Melee: Unarmed           |    44 |       |       |       |       |       ||    44
         Dagger            |    23 |    14 |       |       |       |       ||    37
         Staff             |       |     5 |     2 |     4 |   173 |    98 ||   282
         Spear             |       |       |    41 |   167 |       |       ||   208
         Punch             |       |       |     2 |     4 |     1 |       ||     7
         Demon whip        |       |       |       |    32 |   170 |       ||   202
   Cast: Magic Dart        |   103 |    77 |    82 |     3 |     2 |     9 ||   276
         Searing Ray       |       |    11 |    47 |       |       |       ||    58
         Iskenderun's Myst |       |       |    16 |   145 |   223 |    79 ||   463
         Stone Arrow       |       |       |     8 |   256 |   585 |    61 ||   910
         Lee's Rapid Decon |       |       |       |       |    14 |     1 ||    15
         Orb of Destructio |       |       |       |       |    11 |    95 ||   106
         Blink             |       |       |       |       |       |     3 ||     3
  Evoke: Wand              |       |     7 |     1 |     4 |     1 |     2 ||    15
         Condenser vane    |       |       |       |     2 |       |       ||     2
         Lightning rod     |       |       |       |       |     4 |       ||     4
    Use: Potion            |     1 |       |       |     2 |       |       ||     3
         Scroll            |       |       |       |    19 |     9 |     7 ||    35
   Stab: Sleeping          |       |       |       |     1 |     5 |       ||     6
         Distracted        |       |       |       |       |     1 |     1 ||     2
 Armour: Robe              |    22 |    11 |    19 |    21 |   141 |    38 ||   252
         Steam dragon scal |       |       |    10 |    79 |       |       ||    89
  Dodge: Dodged            |    71 |    20 |   103 |   531 |   860 |   343 ||  1928
  Block: Other             |       |     5 |     3 |       |       |       ||     8
         Reflection        |       |     1 |       |       |       |       ||     1
         Buckler           |       |       |       |       |   217 |    79 ||   296

Table legend: (Time is in decaauts)
 A = Elapsed time spent in this place.
 B = Non-inter-level travel time spent in this place.
 C = Inter-level travel time spent in this place.
 D = Time resting spent in this place.
 E = Time spent auto-exploring this place.
 F = Levels seen in this place.
 G = Mean time per level.
                   A        B        C        D        E       F      G
               +--------+--------+--------+--------+--------+-----+--------+
         Total |  41828 |  37829 |   3999 |   6341 |  24055 |  28 | 1493.9 |
       Dungeon |  21189 |  18865 |   2324 |   2528 |  13291 |  15 | 1412.6 |
          Lair |   8622 |   7962 |    660 |   1148 |   4900 |   5 | 1724.4 |
   Spider Nest |   6903 |   6284 |    619 |   1696 |   3385 |   4 | 1725.8 |
  Orcish Mines |   3543 |   3148 |    395 |    783 |   1534 |   2 | 1771.5 |
        Bazaar |     80 |     80 |      0 |      0 |     43 |   1 |   80.0 |
      Ice Cave |   1487 |   1487 |      0 |    186 |    900 |   1 | 1487.0 |
               +--------+--------+--------+--------+--------+-----+--------+

Top non-repeatable levels by time:
   Orc:2: 2406 daAuts
     D:7: 2404 daAuts
Spider:2: 2190 daAuts
  Lair:2: 2134 daAuts
Spider:3: 2051 daAuts
  Lair:5: 1908 daAuts
  Lair:3: 1875 daAuts
     D:8: 1735 daAuts
  Lair:1: 1729 daAuts
    D:10: 1605 daAuts
     D:1: 1553 daAuts
    D:13: 1492 daAuts
   IceCv: 1487 daAuts
    D:14: 1479 daAuts
     D:4: 1422 daAuts
